 Dungeon Crawl Stone Soup version 0.31-a0-702-gf82c85558f (webtiles) character file.

Game seed: 13882953695286697721

161 qw the Shooter (level 5, -8/32 HPs)
             Began as a Gargoyle Hunter on Sept 7, 2023.
             Mangled by a kobold brigand
             ... wielding a +0 whip
              (9 damage)
             ... on level 4 of the Dungeon.
             The game lasted 00:01:08 (2855 turns).

qw the Shooter (Gargoyle Hunter)                    Turns: 2855, Time: 00:01:08

Health: -8/32      AC:  7    Str: 15    XL:     5   Next: 42%
Magic:  0/5        EV: 11    Int:  9    God:
Gold:   159        SH:  0    Dex: 15    Spells: 4/4 levels left

rFire   + . .        Y - +1 shortbow
rCold   . . .        (shield currently unavailable)
rNeg    + . .        e - +0 leather armour {rF+}
rPois   inf          (no helmet)
rElec   +            (no cloak)
rCorr   .            (no gloves)
SInv    .            (no boots)
Will    .....        g - amulet of guardian spirit
Stlth   ++           (no ring)
HPRegen 0.25/turn    (no ring)
MPRegen 0.09/turn

%: guardian spirit
@: no status effects
A: sickness immunity, AC +4, negative energy resistance 1, electricity
resistance, torment resistance 1, petrification resistance
a: no special abilities


You were on level 4 of the Dungeon.
You visited 1 branch of the dungeon, and saw 4 of its levels.

You collected 243 gold pieces.
You spent 84 gold pieces at shops.


Innate Abilities, Weirdness & Mutations

You are immune to sickness and miasma.
Your stone body is resilient. (AC +4)
You are immune to poison.
You resist negative energy. (rN+)
You are resistant to electric shocks. (rElec)
You are resistant to unholy torment.
You are immune to petrification.


   Skills:
 + Level 3.5 Fighting
 - Level 6.0 Ranged Weapons
 - Level 1.5 Dodging
 - Level 1.1 Stealth


You had 4 spell levels left.
You didn't know any spells.
Your spell library was empty.

Inventory:

Hand Weapons
 Y - a +1 shortbow (weapon)
Armour
 b - a +0 ring mail
 e - a +0 leather armour of fire resistance (worn)
Jewellery
 g - an amulet of guardian spirit (around neck)
Scrolls
 c - a scroll of noise {unknown}
 h - 2 scrolls of identify
Potions
 a - 4 potions of curing

Dungeon Overview and Level Annotations

Branches:
Dungeon (4/15)
 Temple: D:4-7

Altars:

Shops:
D:3 !   D:4 ?


Message History

The arrow hits the kobold brigand but does no damage.
The kobold hits you but does no damage. The kobold barely misses you.
The kobold hits you but does no damage.
2850 ||| Stepping ~*~*~tactically~*~*~ (outnumbered).
The kobold barely misses you. The kobold closely misses you.
The kobold brigand attacks as it pursues you!
The kobold brigand hits you with a +0 whip.
The kobold barely misses you.
Things that are here:
a +0 whip; a +0 club; 5 stones You shoot an arrow.
The arrow hits the kobold brigand.
The kobold brigand is lightly wounded.
The kobold hits you but does no damage. The kobold barely misses you. x2
The kobold brigand barely misses you.
The kobold hits you but does no damage. x2
The kobold hits you with a +0 club. The kobold hits you with a +0 dagger.
The kobold hits you with a +0 club. The kobold brigand misses you.
You shoot an arrow.
The arrow hits the kobold brigand but does no damage.
The kobold brigand is lightly wounded.
The kobold hits you but does no damage. x2; The kobold completely misses you.
The kobold hits you with a +0 dagger.
The kobold brigand hits you with a +0 whip.
The kobold completely misses you. The kobold closely misses you.
You shoot an arrow.
The arrow hits the kobold brigand but does no damage.
The kobold brigand is lightly wounded.
The kobold barely misses you. The kobold closely misses you.
The kobold hits you but does no damage. The kobold brigand closely misses you.
The kobold hits you with a +0 club.
You shoot an arrow.
The arrow closely misses the kobold brigand.
The kobold misses you. The kobold closely misses you. x2
The kobold brigand hits you with a +0 whip.
The kobold misses you. The kobold barely misses you.
You shoot an arrow.
The arrow barely misses the kobold brigand.
The kobold hits you but does no damage. The kobold misses you.
The kobold closely misses you.
The kobold brigand hits you with a +0 whip!
You die...

K.. ..... ...K.
..7.77 ...K## 7K7K##
77KKK## #.KK@K#
##.KK7## 7####P...#
#..##.P)P##
#..####...# #..#
#....#
###########..###....#
......%..........####
###########......#


You could see a kobold brigand and 10 kobolds.

Vanquished Creatures
  An iguana (D:4)
  2 adders
  2 ufetubi (D:4)
  4 worms
  4 dart slugs
  7 orcs
  7 endoplasms
  4 giant cockroaches
  7 hobgoblins
  2 jackals (D:2)
  4 quokkas
  6 ball pythons
  4 bats
  2 frilled lizards
  7 goblins
  10 kobolds
  4 rats
77 creatures vanquished.

Notes
Turn   | Place    | Note
-------+----------+-------------------------------------------
     0 | D:1      | qw the Gargoyle Hunter began the quest for the Orb.
     0 | D:1      | Reached XP level 1. HP: 12/12 MP: 1/1
     0 | D:1      | 0 ||| qw: Version: 0.3-a-76-g4403597
     0 | D:1      | 0 ||| qw: Game counter: 754
     0 | D:1      | 0 ||| qw: Melee chars always use a shield: true
     0 | D:1      | 0 ||| qw: God list: Okawaru
     0 | D:1      | 0 ||| qw: Allow faded altars: false
     0 | D:1      | 0 ||| qw: Do Orc after clearing Dungeon:15 true
     0 | D:1      | 0 ||| qw: Do second Lair branch before Depths: true
     0 | D:1      | 0 ||| qw: Lair rune preference: random
     0 | D:1      | 0 ||| qw: Goals: Normal
     0 | D:1      | 0 ||| PLANNING D:1-11
    77 | D:1      | Reached XP level 2. HP: 17/17 MP: 2/2
   352 | D:1      | Reached XP level 3. HP: 14/21 MP: 3/3
   444 | D:1      | Reached skill level 5 in Ranged Weapons
   545 | D:1      | 545 ||| UPGRADING to +0 leather armour of fire resistance.
   555 | D:1      | 555 ||| DROPPING +0 leather armour.
   556 | D:1      | 556 ||| READING scroll labelled BOFEF EHEMUQ.
   557 | D:1      | 557 ||| READING scroll labelled BOGUGOTAMA.
   558 | D:1      | 558 ||| READING scroll labelled QAFAOCI YHYI.
   559 | D:1      | 559 ||| READING scroll labelled LIEMOPRUTTU.
   560 | D:1      | 560 ||| READING scroll labelled FEITWO LYNO.
   574 | D:1      | 574 ||| DROPPING scroll of butterflies.
   790 | D:2      | Reached skill level 3 in Fighting
  1002 | D:2      | 1002 ||| FLEEEEING.
  1003 | D:2      | 1003 ||| FLEEEEING.
  1073 | D:2      | Reached XP level 4. HP: 27/28 MP: 4/4
  1380 | D:2      | 1380 ||| READING scroll labelled IHUTUH KONKYMN.
  1406 | D:3      | 1406 ||| STAIRDANCE
  1419 | D:3      | 1419 ||| STAIRDANCE
  1449 | D:3      | 1449 ||| STAIRDANCE
  1541 | D:3      | Found Menomui Hiss's Distillery.
  1554 | D:3      | 1554 ||| BUYING potion of curing (42 gold).
  1554 | D:3      | Bought a potion of curing for 42 gold pieces
  1554 | D:3      | 1554 ||| BUYING potion of curing (42 gold).
  1554 | D:3      | Bought a potion of curing for 42 gold pieces
  1554 | D:3      | 1554 ||| SHOPLISTING potion of haste (140 gold, have 79).
  2236 | D:3      | 2236 ||| UPGRADING to amulet of guardian spirit.
  2241 | D:3      | 2241 ||| READING scroll labelled ATODIA GOYDAZ.
  2242 | D:3      | 2242 ||| READING scroll labelled EHUJUL ICLICA.
  2243 | D:3      | 2243 ||| DRINKING 2 fuming black potions.
  2348 | D:3      | 2348 ||| READING 3 scrolls of identify.
  2348 | D:3      | 2348 ||| IDENTIFYING green potion
  2349 | D:3      | 2349 ||| DROPPING potion of ambrosia.
  2350 | D:3      | 2350 ||| DROPPING potion of berserk rage.
  2442 | D:4      | Reached XP level 5. HP: 32/32 MP: 5/5
  2463 | D:4      | Found Ziganluc's Magic Scroll Boutique.
  2690 | D:4      | Reached skill level 6 in Ranged Weapons
  2821 | D:4      | 2821 ||| Stepping ~*~*~tactically~*~*~ (outnumbered).
  2823 | D:4      | 2823 ||| Stepping ~*~*~tactically~*~*~ (outnumbered).
  2824 | D:4      | 2824 ||| Stepping ~*~*~tactically~*~*~ (outnumbered).
  2825 | D:4      | 2825 ||| Stepping ~*~*~tactically~*~*~ (outnumbered).
  2826 | D:4      | 2826 ||| Stepping ~*~*~tactically~*~*~ (outnumbered).
  2831 | D:4      | 2831 ||| Stepping ~*~*~tactically~*~*~ (outnumbered).
  2831 | D:4      | Noticed a kobold brigand
  2832 | D:4      | 2832 ||| Stepping ~*~*~tactically~*~*~ (outnumbered).
  2836 | D:4      | 2836 ||| Stepping ~*~*~tactically~*~*~ (outnumbered).
  2838 | D:4      | 2838 ||| Stepping ~*~*~tactically~*~*~ (outnumbered).
  2843 | D:4      | 2843 ||| Stepping ~*~*~tactically~*~*~ (outnumbered).
  2847 | D:4      | 2847 ||| Stepping ~*~*~tactically~*~*~ (outnumbered).
  2848 | D:4      | 2848 ||| Stepping ~*~*~tactically~*~*~ (outnumbered).
  2850 | D:4      | 2850 ||| Stepping ~*~*~tactically~*~*~ (outnumbered).
  2851 | D:4      | HP: 6/32 [kobold/+0 club (3)]
  2851 | D:4      | HP: 2/32 [kobold/+0 club (3)]
  2855 | D:4      | Mangled by a kobold brigand

Levels and vault maps discovered:
D:1:      tekkud_arrival_beachfront_property, layout_basic
D:2:      layout_loops_ring
D:3:      layout_loops_ring, serial_shops, nicolae_shop_gibbet_a_chance
D:4:      kennysheep_kobold_camp, layout_basic, serial_shops,
          nicolae_take_the_stairs

Skill      XL: |  1  2  3  4  5 |
---------------+----------------+-----
Ranged Weapons | 5 6 |  6.0
Fighting       | 3 |  3.5
Dodging        | |  1.5
Stealth        | |  1.1

Action                     |  1- 3 |  4- 6 || total
---------------------------+-------+-------++-------
   Fire: Shortbow          |   100 |   138 ||   238
    Use: Scroll            |     5 |     4 ||     9
         Potion            |       |     1 ||     1
 Armour: Leather armour    |    17 |    76 ||    93
  Dodge: Dodged            |    16 |    52 ||    68

Table legend:
 A = Non-vault XP
 B = Vault XP
 C = Vault XP percentage of total XP
 D = Non-vault monster count
 E = Vault monster count
 F = Vault count percentage of total count
                 A         B        C        D         E       F
            +---------+---------+-------+---------+---------+-------
      Total |     219 |      11 |   4.8 |      70 |       7 |   9.1
            +---------+---------+-------+---------+---------+-------
        D:1 |      39 |       0 |   0.0 |      22 |       0 |   0.0
        D:2 |      69 |       0 |   0.0 |      26 |       0 |   0.0
        D:3 |      38 |       0 |   0.0 |      15 |       0 |   0.0
        D:4 |      73 |      11 |  13.1 |       7 |       7 |  50.0
            +---------+---------+-------+---------+---------+-------
